 Dungeon Crawl Stone Soup version 0.29.1 (webtiles) character file.

Game seed: 15597560616812158649

143 wakxed the Magician (level 5, -5/58 HPs)
             Began as a Demonspawn Wanderer on Sept 13, 2022.
             Was a Believer of Uskayaw.
             Killed by divine providence
             ... invoked by an orc priest
              (12 damage)
             ... on level 3 of the Dungeon.
             The game lasted 00:15:13 (3023 turns).

wakxed the Magician (Demonspawn Wanderer)           Turns: 3023, Time: 00:15:14

Health: -5/58      AC: 22    Str: 12    XL:     5   Next: 4%
Magic:  6/9        EV:  2    Int: 15    God:    Uskayaw [**....]
Gold:   161        SH:  0    Dex: 13    Spells: 4/9 levels left

rFire   . . .      SeeInvis .   g - +3 quarterstaff (chaos)
rCold   . . .      Faith    .   (shield currently unavailable)
rNeg    . . .      Spirit   .   (body armour currently unavailable)
rPois   +          Reflect  .   (helmet currently unavailable)
rElec   .          Harm     .   (cloak currently unavailable)
rCorr   .          Rampage  .   (gloves currently unavailable)
Will    .....      NoTele   +   (boots currently unavailable)
Stlth   +.........              (no amulet)
HPRegen 0.19/turn               (no ring)
MPRegen 0.11/turn               (no ring)

@: tree-form
A: stationary, stasis, torment immunity, boosted hp, (icy blue scales 2), ignite
blood 1
a: Renounce Religion, Stomp, Line Pass


You were on level 3 of the Dungeon.
You worshipped Uskayaw.
Uskayaw was noncommittal.
You were a tree.
You visited 1 branch of the dungeon, and saw 3 of its levels.

You collected 161 gold pieces.

Inventory:

Hand Weapons
 a - a +2 dagger of venom
 b - a +0 sling
 f - a +0 hammer
 g - a +3 quarterstaff of chaos (weapon)
Missiles
 r - 5 poisoned darts (quivered)
 t - 2 curare-tipped darts
Armour
 c - a +0 buckler
 e - a +0 robe (melded)
 h - a +0 helmet (melded)
 j - a +2 cloak (melded)
 l - a +0 ring mail
 s - a +0 chain mail
Jewellery
 i - a +6 ring of strength
Scrolls
 n - a scroll of poison
 o - 2 scrolls of teleportation
Potions
 d - a potion of lignification
 k - a potion of cancellation
 m - a potion of flight


   Skills:
 - Level 2.4 Fighting
 - Level 2.6 Throwing
 - Level 0.6 Stealth
 - Level 1.0 Shields
 + Level 2.7 Spellcasting
 + Level 2.6 Summonings
 - Level 1.7 Air Magic
 - Level 1.2 Invocations
 - Level 1.0 Evocations


You had 4 spell levels left.
You knew the following spells:

 Your Spells              Type           Power      Damage    Failure   Level
a - Shock                 Conj/Air       16%        1d4       14%         1
b - Summon Small Mammal   Summ           36%        N/A       7%          1
c - Call Canine Familiar  Summ           9%         N/A       22%         3

Your spell library contained the following spells:

 Spells                   Type           Power      Damage    Failure   Level
 Swiftness                Air            7%         N/A       30%         3
 Summon Guardian Golem    Hex/Summ       6%         N/A       34%         3
 Conjure Flame            Conj/Fire      2%         6-21      52%         3
 Ignite Poison            Fire/Tmut/Pois 2%         N/A       52%         3
 Sticky Flame             Conj/Fire      2%         2d3       90%         4


Dungeon Overview and Level Annotations

Branches:
Dungeon (3/15)

Altars:
Uskayaw


Innate Abilities, Weirdness & Mutations

You are a tree.
Your roots penetrate the ground, keeping you stationary.
You cannot be teleported.
You are immune to unholy pain and torment.
Your maximum health is greatly increased.
Your equipment is partially melded.
((You are mostly covered in icy blue scales. (AC +3)))
Your demonic aura sometimes causes spilled blood to erupt in flames.


Message History

The orc wizard is severely wounded.
Your bat hits the orc priest but does no damage.
The orc wizard hits you but does no damage.
The orc hits you but does no damage.
The orc priest miscasts a cantrip.
Your rat bites the orc.
The orc dies!
You can now pass through a line of other dancers.
You hit the orc wizard but do no damage.
The orc wizard suddenly seems more agile.
The orc wizard is severely wounded.
Your bat barely misses the orc wizard.
The orc wizard barely misses you.
The orc priest hits you with a +0 flail.
* * * LOW HITPOINT WARNING * * *
Your rat bites the orc wizard.
The orc priest hits you but does no damage.
The orc wizard hits you but does no damage.
You closely miss the orc wizard.
The orc wizard is almost dead.
Your bat hits the orc wizard but does no damage.
The orc wizard closely misses the orc priest.
The orc priest hits you but does no damage.
Your rat closely misses the orc wizard.
You thump the orc wizard! You freeze the orc wizard.
You kill the orc wizard!
Your bat hits the orc priest but does no damage.
The orc priest completely misses you.
Your bat hits the orc priest.
You have reached level 5!
You barely miss the orc priest.
The orc priest is lightly wounded.
Your bat hits the orc priest but does no damage.
The orc priest hits you but does no damage.
Your rat barely misses the orc priest.
The orc priest hits you but does no damage.
Your bat hits the orc priest but does no damage.
Your rat misses the orc priest. You barely miss the orc priest.
Your bat barely misses the orc priest.
The orc priest calls down the wrath of Beogh upon you.
Beogh smites you!
You die...

.. #.##......##....... .#...
#..#####.###....... ...#..
####.##...)#......... ......
.............#.......
...#..#####.......###.......
#.......# #.........##......
#.......###...#####..##.....
..........)..........#..####
..........r♣...........###
.........)o...............
.........b...........#....#
......)..............#....#
.........[...........>....#
.........#.#....#.###....##
..#.............#.## ##..#
.....####.####.....# ...
..... .... #.....# .#


You could see an orc priest (ally target), a friendly bat (summoned) and a
friendly rat (summoned).

Vanquished Creatures
  Crazy Yiuf (D:2)
  An orc wizard (D:3)
  3 adders
  A worm (D:2)
  A dart slug (D:3)
  An orc (D:3)
  7 ball pythons
  9 bats
  4 endoplasms
  2 giant cockroaches (D:1)
  5 goblins
  2 hobgoblins (D:1)
  4 quokkas
  6 kobolds
  A rat (D:1)
48 creatures vanquished.

Vanquished Creatures (collateral kills)
  An orc (D:3)
  A goblin (D:2)
2 creatures vanquished.

Vanquished Creatures (others)
  An orc wizard (D:3)
1 creature vanquished.

Grand Total: 51 creatures vanquished

Notes
Turn   | Place    | Note
-------+----------+-------------------------------------------
     0 | D:1      | wakxed the Demonspawn Wanderer began the quest for the Orb.
     0 | D:1      | wakxed set off with the following items: a +2 dagger, 2
                  | curare-tipped darts, a +0 buckler, a potion of berserk
                  | rage, a +0 robe; and the following spell memorised: Shock;
                  | and the following spells available to memorise: Swiftness.
     0 | D:1      | Reached XP level 1. HP: 15/15 MP: 2/2
   471 | D:1      | Gained mutation: You are partially covered in icy blue
                  | scales. (AC +2) [demonic ancestry]
   471 | D:1      | Reached XP level 2. HP: 21/22 MP: 3/3
   905 | D:1      | Learned a level 1 spell: Summon Small Mammal
  1192 | D:1      | Found a faded altar of an unknown god.
  1196 | D:1      | Prayed at the altar of an unknown god.
  1196 | D:1      | Became a worshipper of Uskayaw the Reveller
  1196 | D:1      | Reached * piety under Uskayaw
  1676 | D:2      | Reached ** piety under Uskayaw
  1682 | D:2      | Gained mutation: Your demonic aura sometimes causes spilled
                  | blood to erupt in flames. [demonic ancestry]
  1682 | D:2      | Reached XP level 3. HP: 27/28 MP: 3/5
  1724 | D:2      | Reached skill level 1 in Summonings
  2038 | D:2      | Learned a level 3 spell: Call Canine Familiar
  2133 | D:2      | Found a runed translucent door.
  2134 | D:2      | Noticed Crazy Yiuf
  2149 | D:2      | Killed Crazy Yiuf
  2150 | D:2      | Gained mutation: You are mostly covered in icy blue scales.
                  | (AC +3) [demonic ancestry]
  2150 | D:2      | Reached XP level 4. HP: 20/34 MP: 0/7
  3022 | D:3      | Reached XP level 5. HP: 6/39 MP: 6/9
  3023 | D:3      | Killed from afar by an orc priest

Illustrated notes

Levels and vault maps discovered:
D:1:      beargit_arrival_diablo_church, layout_loops_corners,
          shapermc_ecumenical_altar_mp_vishouse
D:2:      layout_basic, uniq_crazy_yiuf_cottage
D:3:      layout_rooms, old_standard_altar, serial_shops, shop_fountains,
          minmay_circle_x

Skill      XL: |  1  2  3  4 |
---------------+-------------+-----
Fighting       | 2 |  2.4
Summonings     | 1 2 |  2.6
Spellcasting   | 2 |  2.7
Throwing       | |  2.6
Stealth        | |  0.6
Shields        | |  1.0
Air Magic      | |  1.7
Invocations    | |  1.2
Evocations     | |  1.0

Action                   |  1- 3 |  4- 6 || total
-------------------------+-------+-------++-------
Melee: Dagger            |   101 |       ||   101
       Quarterstaff      |       |    32 ||    32
 Fire: Sling             |    29 |       ||    29
Throw: Dart              |     1 |       ||     1
 Cast: Summon Small Mamm |       |    17 ||    17
  Use: Scroll            |     8 |     1 ||     9
       Potion            |     2 |     2 ||     4
 Stab: Sleeping          |     2 |     1 ||     3
Armor: Robe              |    25 |    10 ||    35
       Chain mail        |     4 |       ||     4
       Skin              |       |    24 ||    24
Dodge: Dodged            |    39 |    11 ||    50
Block: Buckler           |    22 |       ||    22
